 Dungeon Crawl Stone Soup version 0.17-a0-1397-g0eee0a3 (webtiles) character file.

116 nuthulu the Skirmisher (level 5, -6/34 HPs)
             Began as a Gargoyle Fighter on June 17, 2015.
             Mangled by Sigmund
             ... wielding a +2 scythe of venom
              (7 damage)
             ... on level 3 of the Dungeon.
             The game lasted 00:06:19 (2822 turns).

nuthulu the Skirmisher (Gargoyle Fighter)           Turns: 2822, Time: 00:06:19

Health: -6/34      AC: 10    Str: 26    XL:     5   Next: 0%
Magic:  5/5        EV:  7    Int:  8    God:
Gold:   180        SH:  0    Dex:  9    Spells: 0 memorised, 4 levels left

rFire  . . .     SeeInvis .     a - +0 flail
rCold  . . .     Clarity  .     b - +0 scale mail
rNeg   + . .     SustAt   .     c - +0 shield
rPois  ∞         Gourm    .     (no helmet)
rElec  +         Spirit   .     (no cloak)
rCorr  .         Warding  .     (no gloves)
rMut   .         Stasis   .     (no boots)
MR     .....                    (no amulet)
Stlth  ..........               (no ring)
                                (no ring)

@: confused, mighty, not resistant to hostile enchantments, extremely unstealthy
A: negative energy resistance 1, electricity resistance, wild magic 1,
unbreathing, petrification resistance, rot immunity, AC +4
a: no special abilities


You were on level 3 of the Dungeon.
You were not hungry.

You visited 1 branch of the dungeon, and saw 3 of its levels.

You collected 180 gold pieces.

Inventory:

Hand weapons
 a - a +0 flail (weapon)
Armour
 b - a +0 scale mail (worn)
 c - a +0 shield (worn)
Scrolls
 g - 3 scrolls of remove curse
Potions
 e - 2 potions of haste
 f - a potion of cure mutation {unknown}
 i - a potion of invisibility
 k - a potion of heal wounds {unknown}
 n - a potion of lignification {unknown}
Comestibles
 h - a chunk of flesh
 j - 2 bread rations
 l - 2 meat rations
 m - a slice of pizza


   Skills:
 + Level 4.7 Fighting
 + Level 3.3 Maces & Flails
 - Level 3.6 Armour
 - Level 0.1 Dodging
 - Level 3.5 Shields


You had 4 spell levels left.
You didn't know any spells.

Dungeon Overview and Level Annotations

Branches:
Dungeon (3/15)

Altars:
Elyvilon
Nemelex Xobeh

Annotations:
D:3 Sigmund


Innate Abilities, Weirdness & Mutations

You are resistant to torment.
Your stone body is resilient (AC +4).
You are immune to poison.
You resist negative energy.
You are resistant to electric shocks.
You can survive without breathing.
You are immune to petrification.
You are immune to rotting.
Your spells are a little harder to cast, but a little more powerful.


Message History

You closely miss something. Something hits you.
You miss something. Something hits you.
You sock something! Something hits you.
You sock something! Something hits you.
* * * LOW HITPOINT WARNING * * *
Your shield and scale mail prevent you from hitting something.
You hear some strange, mumbled words.
You are confused.
You're too confused to move!
Something hits you.
* * * LOW HITPOINT WARNING * * *
You miss something. Something hits you.
* * * LOW HITPOINT WARNING * * *
You miss something.
Unknown command.
You hear some strange, mumbled words.
A puff of flame appears from out of thin air!
The puff of flame misses you.
Unknown command.
You bump into the rock wall.
Something hits you!
You die...

...## #. ..##
##. .## .g ..
#. ..
##.#.######
..
#.....g...#
.......####{#
###.... #)#
##.#.## #@#
#.#..# #.#
#.##.###(# #
#........# #
####.##### #
#.# ## #.#
.## #.# ..#
########.#


There were no monsters in sight!

Vanquished Creatures
  A hound (D:3)
  2 adders (D:2)
  2 oozes (D:1)
  A worm (D:2)
  2 giant geckos
  4 giant cockroaches
  7 hobgoblins
  2 jackals (D:2)
  A quokka (D:2)
  3 ball pythons
  9 bats
  4 giant newts
  4 goblins
  10 kobolds
  7 rats
59 creatures vanquished.

Notes
Turn   | Place    | Note
--------------------------------------------------------------
     0 | D:1      | nuthulu the Gargoyle Fighter began the quest for the Orb.
     0 | D:1      | Reached XP level 1. HP: 14/14 MP: 1/1
    96 | D:1      | Reached XP level 2. HP: 16/19 MP: 2/2
   662 | D:1      | Reached XP level 3. HP: 24/24 MP: 3/3
  1288 | D:2      | Reached skill level 4 in Fighting
  1464 | D:2      | Found a sparkling altar of Nemelex Xobeh.
  1559 | D:2      | Reached XP level 4. HP: 21/29 MP: 4/4
  1877 | D:2      | Gained mutation: Your spells are a little harder to cast, but a little more powerful. [potion of beneficial mutation]
  2628 | D:3      | Found a white marble altar of Elyvilon.
  2795 | D:3      | Noticed Sigmund
  2808 | D:3      | Reached XP level 5. HP: 29/34 MP: 5/5
  2819 | D:3      | HP: 1/34 [something (6)]
  2822 | D:3      | Mangled by Sigmund

Vault maps used:
D:1:      roderic_crossed_star, minmay_ruptured
D:2:      lemuel_crystal_altar
D:3:      ashenzari_altar_1, elyvilon_altar_3, first_bread,
          portal_sewer_entry_d, uniq_natasha, uniq_sigmund, uniq_iyjb,
          uniq_purgy

Action                   |  1- 3 |  4- 6 || total
-------------------------+-------+-------++-------
Melee: Flail             |   120 |    95 ||   215
  Use: Scroll            |     3 |     3 ||     6
       Potion            |       |     2 ||     2
  Eat: Bread ration      |     1 |       ||     1
       Chunk             |       |     2 ||     2
